 Dungeon Crawl Stone Soup version 0.26.1-2-gb8aa6d0cf2 (webtiles) character file.

Game seed: 18407599612039075667

2863 DearestLeader the Spear-Bearer (level 9, 0/61 HPs)
             Began as a Merfolk Ice Elementalist on Mar 26, 2021.
             Was a Believer of Vehumet.
             Slain by a warg (11 damage)
             ... on level 9 of the Dungeon.
             The game lasted 00:21:30 (7876 turns).

DearestLeader the Spear-Bearer (MfIE)               Turns: 7876, Time: 00:21:30

Health: 0/61       AC:  5    Str:  8    XL:     9   Next: 75%
Magic:  9/21       EV: 14    Int: 17    God:    Vehumet [**....]
Gold:   366        SH:  0    Dex: 15    Spells: 1/12 levels left

rFire    . . .     SeeInvis .   u - +0 trident (protect)
rCold    . . .     Faith    .   (no shield)
rNeg     . . .     Spirit   .   j - +2 robe {Will+}
rPois    .         Reflect  .   (no helmet)
rElec    .         Harm     .   (no cloak)
rCorr    .         Rampage  .   D - +0 pair of gloves
Will     +....                  (no boots)
Stlth    ++........             p - amulet of regeneration
HPRegen  0.60/turn              y - ring of wizardry
MPRegen  0.17/turn              B - ring of magical power

@: no status effects
A: change form in water, swift swim, stealthy swim
a: Renounce Religion


You were on level 9 of the Dungeon.
You worshipped Vehumet.
Vehumet was pleased with you.
You visited 2 branches of the dungeon, and saw 11 of its levels.

You collected 366 gold pieces.

Inventory:

Hand Weapons
 a - a +0 hunting sling
 s - a +0 halberd
 u - a +0 trident of protection (weapon)
Missiles
 b - 44 sling bullets
 d - 30 poisoned darts (quivered)
Armour
 j - a +2 robe of willpower (worn)
 D - a +0 pair of gloves (worn)
Magical Staves
 l - an uncursed staff of poison
Jewellery
 p - an amulet of regeneration (around neck)
 y - a ring of wizardry (left hand)
 B - a ring of magical power (right hand)
Wands
 m - a wand of paralysis (6)
 z - a wand of flame (26)
Scrolls
 f - 2 scrolls of enchant armour
 g - 2 scrolls of teleportation
 i - a scroll of fog
 k - 3 scrolls of fear
 n - a scroll of enchant weapon
 o - 2 scrolls of magic mapping {unknown}
 q - 2 scrolls of remove curse
 A - a scroll of immolation {unknown}
 C - 2 scrolls of identify
Potions
 c - 3 potions of degeneration
 e - a potion of lignification
 h - a potion of invisibility
 r - 2 potions of haste
 t - a potion of flight
 w - a potion of curing
 x - a potion of heal wounds {unknown}


   Skills:
 + Level 2.2 Fighting
 * Level 12.9 Polearms
 + Level 4.0 Dodging
 - Level 2.1 Stealth
 - Level 2.0 Spellcasting
 + Level 2.0 Summonings
 - Level 10.0 Ice Magic


You had one spell level left.
You knew the following spells:

 Your Spells              Type           Power        Failure   Level
a - Freeze                Ice            100%         1%          1
b - Frozen Ramparts       Ice            70%          1%          3
c - Ozocubu's Armour      Ice            35%          1%          3
d - Summon Ice Beast      Ice/Summ       22%          6%          4

Your spell library contained the following spells:

 Spells                   Type           Power        Failure   Level
 Shock                    Conj/Air       4%           8%          1
 Summon Small Mammal      Summ           32%          3%          1
 Animate Skeleton         Necr           2%           8%          1
 Apportation              Tloc           2%           8%          1
 Beastly Appendage        Tmut           2%           8%          1
 Corona                   Hex            1%           8%          1
 Magic Dart               Conj           4%           8%          1
 Call Imp                 Summ           8%           5%          2
 Hailstorm                Conj/Ice       18%          10%         4
 Ice Form                 Ice/Tmut       18%          10%         4
 Blink                    Tloc           N/A          12%         2
 Searing Ray              Conj           2%           12%         2
 Slow                     Hex            1%           12%         2
 Wereblood                Tmut           1%           12%         2
 Conjure Flame            Conj/Fire      1%           22%         3
 Dazzling Flash           Conj/Hex       2%           22%         3
 Mephitic Cloud           Conj/Pois/Air  1%           22%         3
 Spider Form              Tmut/Pois      0%           22%         3
 Fulminant Prism          Conj/Hex       0%           56%         4
 Iskenderun's Mystic Bla  Conj/Tloc      1%           56%         4
 Blade Hands              Tmut           0%           88%         5


Dungeon Overview and Level Annotations

Branches:
Dungeon (10/15)            Temple (1/1) D:5            Lair (0/6) D:9
    Orc: D:9-12

Altars:
Dithmenos
Fedhas
Hepliaklqana
Nemelex Xobeh
Ru
Sif Muna
Vehumet
Wu Jian
The Shining One

Annotations:
D:3 Grinder
D:5 3 runed translucent doors, EnergyMaker's ghost, amateur DsBe; Prince Ribbit


Message History

The wall freezes the orc priest!
The orc priest begins to cast a cantrip, but forgets the words!
The wall freezes the warg.
The warg barely misses you.
Your ice beast hits the orc.
The orc dies!
Vehumet accepts your kill.
It was a potion of curing.
You feel better.
The wall freezes the warg.
The warg closely misses you.
The wall freezes the warg.
The warg bites you!
* * * LOW HITPOINT WARNING * * *
The wall freezes the orc.
The wall freezes the orc priest.
You kill the orc priest!
Vehumet accepts your kill.
You feel your power returning.
Your ice beast misses the warg.
Your Summonings skill increases to level 2!
It was a potion of cancellation.
Your magical effects are unravelling.
You feel magically purged.
Your icy armour evaporates.
The frozen ramparts melt away.
The warg bites you!
You die...

######### #########
........# #........
........# #........
........#######........
#..'....##........
#>.####..#........ #..#
##.'........ #@Y#
###........ ....P.hh)#
#........ .....oY..#
#........ ..>.o...##
#........ .......##
#....))). P......
######'## ......# #..#
...... ######.#
#.....>.


You could see 2 wargs, an orc warrior, an orc priest and 2 friendly ice beasts.

Vanquished Creatures
  A troll (D:10)
  4 ice beasts
  2 sky beasts
  A necrophage (D:7)
  2 ogres
  2 phantoms
  2 centaurs (D:6)
  A big kobold (D:10)
  5 bullfrogs
  A water moccasin zombie (D:7)
  A scorpion (D:6)
  4 killer bees (D:7)
  3 orc priests
  A jelly (D:5)
  A bullfrog skeleton (D:4)
  A gnoll shaman (D:6)
  A centaur skeleton (D:7)
  A hound (D:6)
  Jessica (D:2)
  2 iguanas
  4 orc wizards
  4 worker ants
  A killer bee zombie (D:6)
  A hound zombie (D:7)
  A hound skeleton (D:4)
  A worker ant zombie (D:7)
  A howler monkey skeleton (D:7)
  12 adders
  8 gnolls
  A white imp (D:7)
  2 ufetubi
  An ooze (D:1)
  2 adder skeletons
  6 worms
  4 dart slugs
  5 leopard geckos
  17 orcs
  4 giant cockroaches
  4 hobgoblins
  6 jackals
  8 kobolds
  2 quokkas
  A bat (D:2)
  A frilled lizard (D:2)
  9 goblins
  A quokka skeleton (D:7)
  9 rats
153 creatures vanquished.

Vanquished Creatures (collateral kills)
  An orc (D:9)
  A quokka skeleton (D:7)
2 creatures vanquished.

Grand Total: 155 creatures vanquished

Notes
Turn   | Place    | Note
-------+----------+-------------------------------------------
     0 | D:1      | DearestLeader the Merfolk Ice Elementalist began the quest
                  | for the Orb.
     0 | D:1      | Reached XP level 1. HP: 13/13 MP: 3/3
   214 | D:1      | Reached XP level 2. HP: 19/19 MP: 1/5
   298 | D:1      | Reached skill level 5 in Ice Magic
   793 | D:1      | Reached XP level 3. HP: 24/24 MP: 4/6
   797 | D:1      | Learned a level 3 spell: Frozen Ramparts
  1332 | D:2      | Reached XP level 4. HP: 25/30 MP: 1/7
  1918 | D:2      | Noticed Jessica
  1923 | D:2      | Killed Jessica
  1924 | D:2      | Reached XP level 5. HP: 32/35 MP: 2/8
  2783 | D:3      | Reached XP level 6. HP: 41/41 MP: 1/9
  2899 | D:3      | Learned a level 3 spell: Ozocubu's Armour
  3199 | D:3      | Noticed Grinder
  4094 | D:4      | Reached XP level 7. HP: 24/46 MP: 2/10
  4450 | D:4      | Reached skill level 2 in Polearms
  4648 | D:5      | Entered Level 5 of the Dungeon
  4648 | D:5      | Found a runed translucent gate.
  4649 | D:5      | Found a runed translucent gate.
  4655 | D:5      | Found a runed translucent gate.
  4655 | D:5      | Noticed a gargoyle
  4655 | D:5      | Noticed EnergyMaker's ghost (amateur DsBe)
  4770 | D:5      | Reached skill level 3 in Polearms
  4846 | D:5      | Found a sparkling altar of Nemelex Xobeh.
  5042 | D:5      | Found a staircase to the Ecumenical Temple.
  5049 | Temple   | Entered the Ecumenical Temple
  5153 | Temple   | Became a worshipper of Vehumet
  5286 | D:5      | Noticed Prince Ribbit
  5296 | D:5      | Reached skill level 4 in Polearms
  5625 | D:6      | Reached skill level 5 in Polearms
  5635 | D:6      | Reached XP level 8. HP: 48/52 MP: 3/11
  5792 | D:6      | Reached skill level 6 in Polearms
  5906 | D:6      | Reached skill level 7 in Polearms
  6051 | D:6      | Reached skill level 8 in Polearms
  6051 | D:6      | Reached skill level 10 in Ice Magic
  6153 | D:6      | Reached * piety under Vehumet
  6153 | D:6      | Offered knowledge of Foxfire by Vehumet.
  6154 | D:6      | Reached skill level 9 in Polearms
  6292 | D:6      | Found a shadowy altar of Dithmenos.
  6458 | D:7      | Reached skill level 10 in Polearms
  6467 | D:7      | Reached XP level 9. HP: 53/57 MP: 9/12
  6605 | D:7      | Learned a level 4 spell: Summon Ice Beast
  7056 | D:7      | Reached skill level 11 in Polearms
  7448 | D:7      | Reached skill level 12 in Polearms
  7688 | D:8      | You fall into a shaft and drop 2 floors!
  7688 | D:10     | Entered Level 10 of the Dungeon
  7705 | D:10     | Reached ** piety under Vehumet
  7706 | D:10     | Reached skill level 1 in Fighting
  7707 | D:10     | Reached skill level 1 in Summonings
  7742 | D:10     | Noticed a troll
  7751 | D:10     | Killed a troll
  7813 | D:9      | Offered knowledge of Shock by Vehumet.
  7866 | D:9      | Found a staircase to the Lair.
  7876 | D:9      | Slain by a warg

Illustrated notes

Levels and vault maps discovered:
D:1:      minmay_arrival_checkered_box, layout_loops_cross
D:2:      layout_basic, uniq_jessica
D:3:      layout_loops_ring, uniq_grinder
D:4:      layout_basic
D:5:      layout_rooms, nicolae_overflow_crystal_walls,
          minmay_temple_entry_mist, gammafunk_ghost_split, uniq_prince_ribbit1
D:6:      layout_basic, grunt_dithmenos_smoke_and_mirrors
D:7:      layout_basic
D:8:      layout_basic, minmay_evil_grid, uniq_joseph
D:9:      layout_roguey, erik_lair_orcish_takeover, dk_yredelemnul_ordeal
D:10:     layout_long_grid, serial_shops, nicolae_shop_waterfront, minivault_10,
          minmay_st_funbox, uniq_urug
Temple:   roderic_octagonal_lattice_temple

Skill      XL: |  1  2  3  4  5  6  7  8  9 |
---------------+----------------------------+-----
Ice Magic      | 5 6 7 8 9 10 | 10.0
Polearms       | 5 10 12 | 12.9
Dodging        | 4 |  4.0
Fighting       | 2 |  2.2
Summonings     | 2 |  2.0
Stealth        | |  2.1
Spellcasting   | |  2.0

Action                   |  1- 3 |  4- 6 |  7- 9 || total
-------------------------+-------+-------+-------++-------
Melee: Unarmed           |     3 |       |       ||     3
       Dagger            |     6 |    64 |       ||    70
       Halberd           |       |       |    86 ||    86
       Trident           |       |       |   361 ||   361
 Fire: Hunting sling     |       |    16 |    78 ||    94
 Cast: Freeze            |    32 |    24 |     3 ||    59
       Frozen Ramparts   |     3 |    20 |    29 ||    52
       Ozocubu's Armour  |       |     2 |    21 ||    23
       Summon Ice Beast  |       |       |    12 ||    12
  Use: Scroll            |     1 |     3 |     7 ||    11
       Potion            |       |       |     2 ||     2
 Stab: Sleeping          |       |     2 |     4 ||     6
       Distracted        |       |       |     2 ||     2
Armor: Robe              |     4 |    27 |   140 ||   171
Dodge: Dodged            |    16 |    71 |   254 ||   341
